 Seeded DCSS version 0.31-a0-557-g6e16503903 (webtiles) character file.

Game seed: 16161720884980326079 (custom seed)

505 innerfire43 the Ruffian (level 7, -1/52 HPs)
             Began as a Gnoll Shapeshifter on Aug 16, 2023.
             Was an Initiate of Gozag.
             Slain by a troll (4 damage)
             ... on level 5 of the Dungeon.
             The game lasted 00:05:08 (3347 turns).

innerfire43 the Ruffian (Gnoll Shapeshifter)        Turns: 3347, Time: 00:05:09

Health: -1/52      AC: 11    Str: 16    XL:     7   Next: 18%
Magic:  10/10      EV: 14    Int:  8    God:    Gozag
Gold:   736        SH:  0    Dex: 16    Spells: 10/10 levels left

rFire   . .          .
                       - Unarmed
rCold   x . .        (shield currently unavailable)
rNeg    . . .        x - +3 leather armour
rPois   .            p - +2 helmet "Paunutas" {rC- Will++ Dex+4 SInv}
rElec   .            n - +1 cloak
rCorr   .            (no gloves)
SInv    +            (no boots)
Will    ++...        (no amulet)
Stlth   +            (no ring)
HPRegen 0.28/turn    (no ring)
MPRegen 0.12/turn

%: no passive effects
@: flux-form, glowing
A: glow, contaminating, fangs 1, strong nose, distributed training
a: Begin Untransformation, Renounce Religion, Potion Petition, Call Merchant,
Bribe Branch


You were on level 5 of the Dungeon.
You worshipped Gozag.
Gozag was pleased with you.
You were something dangerously unstable.
You visited 1 branch of the dungeon, and saw 5 of its levels.
You also visited: Ossuary.

You collected 853 gold pieces.
You spent 117 gold pieces at shops.

Inventory:

Hand Weapons
 o - a +4 club
Missiles
 g - a throwing net
Armour
 n - a +1 cloak (worn)
 p - the +2 helmet "Paunutas" (worn) {rC- Will++ Dex+4 SInv}
   (You took it off Robin on level 2 of the Dungeon)

   Dex+4:     It affects your dexterity (+4).
   rC-:       It makes you vulnerable to cold.
   Will++:    It greatly increases your willpower.
   SInv:      It lets you see invisible.
 x - a +3 leather armour (worn)
Jewellery
 a - an amulet of magic regeneration
 q - an amulet of guardian spirit
Talismans
 c - a beast talisman
 d - a flux talisman (active)
Wands
 u - a wand of flame (18)
 C - a wand of iceblast (4)
Scrolls
 e - a scroll of brand weapon {unknown}
 h - 2 scrolls of silence {unknown}
 k - 3 scrolls of immolation {unknown}
 l - 2 scrolls of fog {unknown}
 r - a scroll of identify {unknown}
 v - a scroll of poison {unknown}
 w - 5 scrolls of teleportation {unknown}
 y - 2 scrolls of revelation {unknown}
Potions
 b - a potion of lignification
 f - a potion of heal wounds {unknown}
 i - a potion of haste {unknown}
 j - a potion of ambrosia {unknown}
 m - a potion of attraction {unknown}
 s - 6 potions of curing
 t - 2 potions of degeneration {unknown}
 z - 2 potions of magic {unknown}
 A - 2 potions of brilliance {unknown}
 B - a potion of mutation {unknown}


   Skills:
 + Level 3.5 Fighting
 + Level 2.3 Short Blades
 + Level 2.3 Long Blades
 + Level 2.3 Axes
 + Level 2.3 Maces & Flails
 + Level 2.3 Polearms
 + Level 2.3 Staves
 + Level 2.3 Ranged Weapons
 + Level 2.3 Throwing
 + Level 2.3 Armour
 + Level 5.2 Dodging
 + Level 2.3 Stealth
 + Level 2.3 Shields
 + Level 7.0 Unarmed Combat
 + Level 2.3 Spellcasting
 + Level 1.9 Conjurations
 + Level 1.9 Hexes
 + Level 1.9 Summonings
 + Level 1.9 Necromancy
 + Level 1.9 Translocations
 + Level 1.9 Transmutations
 + Level 1.9 Fire Magic
 + Level 1.9 Ice Magic
 + Level 1.9 Air Magic
 + Level 1.9 Earth Magic
 + Level 1.9 Poison Magic
 + Level 2.6 Invocations
 + Level 2.3 Evocations
 + Level 6.8 Shapeshifting


You had 10 spell levels left.
You didn't know any spells.
Your spell library contained the following spells:

 Spells                   Type           Power      Damage    Failure   Level
 Poisonous Vapours        Pois/Air       8%         N/A       28%         2
 Mephitic Cloud           Conj/Pois/Air  4%         N/A       50%         3
 Freezing Cloud           Conj/Ice/Air   2%         6-21      99%         5


Dungeon Overview and Level Annotations

Branches:
Dungeon (5/15)            Ossuary (visited)
 Temple: D:4-7

Altars:
Gozag
Makhleb
Sif Muna

Shops:
D:4 !


Innate Abilities, Weirdness & Mutations

You are something dangerously unstable.
You glow with magical radiation, making you easy to see and hit.
Foes you strike become dangerously contaminated with magical radiation.
You are incapable of wielding weapons or throwing items.
You have very sharp teeth.
Your uncanny sense of smell can sniff out nearby items.
Your experience applies equally to all skills.


Message History

Key pressed, stopping explore.
No target in view!
No target in view!
There is a large open door here.
Done exploring.
No target in view!
Done exploring.
No target in view!
Done exploring.
No target in view!
Done exploring.
No target in view!
Done exploring.
No target in view!
There is a large open door here.
You see here a +0 dagger.
There is a stone staircase leading down here.
You climb downwards.
Found a stone staircase leading down.
There is a stone staircase leading up here.
A troll comes into view.
The troll shouts!
You closely miss the troll.
A troll is nearby!
You hit the troll.
The troll begins to glow.
You bite the troll, but do no damage.
The troll is lightly wounded.
The troll bites you! The troll claws you! The troll closely misses you.
A white imp comes into view.
There are monsters nearby!
You hit the troll.
The troll glows dangerously bright.
The troll is lightly wounded.
The troll misses you. The troll claws you! x2
You are too injured to fight recklessly!
There are monsters nearby!
The troll bites you!
* * * LOW HITPOINT WARNING * * *
The troll claws you.
You die...
Your body crumbles into a pile of gold.

#..# #..# #..#
#..# #..# #..#
#.####..######
#....B......>.
#.####T.#####.
.5.# ###.# ..
... ..## .##


You could see a troll (heavy contam) and a white imp.

Vanquished Creatures
  2 elf zombies (Ossuary)
  A human zombie (Ossuary)
  Crazy Yiuf (D:2)
  Jessica (D:2)
  An iguana (D:4)
  Terence (D:2)
  A sleepcap (D:4)
  4 mummies (Ossuary)
  Robin (D:2)
  3 adders (D:2)
  2 ufetubi (D:4)
  3 worms (D:2)
  2 dart slugs
  9 orcs
  A bat (D:3)
  3 endoplasms
  2 giant cockroaches
  20 goblins
  10 hobgoblins
  4 jackals (D:4)
  9 kobolds
  2 quokkas
  5 ball pythons
  3 frilled lizards
  A gnoll zombie (Ossuary)
  2 goblin zombies (Ossuary)
  4 hobgoblin zombies (Ossuary)
  3 rats
  2 rat zombies (Ossuary)
103 creatures vanquished.

Notes
Turn   | Place    | Note
-------+----------+-------------------------------------------
     0 | D:1      | innerfire43 the Gnoll Shapeshifter began the quest for the
                  | Orb.
     0 | D:1      | Reached XP level 1. HP: 17/17 MP: 1/1
   111 | D:1      | Found a faded altar of an unknown god.
   127 | D:1      | Reached XP level 2. HP: 19/23 MP: 2/2
   145 | D:1      | Prayed at the altar of an unknown god.
   145 | D:1      | Became a worshipper of Gozag Ym Sagoz the Greedy
   500 | D:2      | Noticed Terence
   503 | D:2      | Killed Terence
   504 | D:2      | Reached skill level 1 in Invocations
   504 | D:2      | Reached XP level 3. HP: 20/28 MP: 2/4
   634 | D:2      | Reached skill level 1 in Short Blades
   634 | D:2      | Reached skill level 1 in Long Blades
   634 | D:2      | Reached skill level 1 in Axes
   634 | D:2      | Reached skill level 1 in Maces & Flails
   634 | D:2      | Reached skill level 1 in Polearms
   634 | D:2      | Reached skill level 1 in Staves
   634 | D:2      | Reached skill level 1 in Ranged Weapons
   634 | D:2      | Reached skill level 1 in Throwing
   634 | D:2      | Reached skill level 1 in Armour
   634 | D:2      | Reached skill level 1 in Stealth
   634 | D:2      | Reached skill level 1 in Shields
   634 | D:2      | Reached skill level 1 in Spellcasting
   634 | D:2      | Reached skill level 1 in Evocations
   654 | D:2      | Found a runed translucent door.
   655 | D:2      | Noticed Crazy Yiuf
   698 | D:2      | Reached XP level 4. HP: 26/34 MP: 5/5
   740 | D:2      | Killed Crazy Yiuf
   741 | D:2      | Reached skill level 1 in Conjurations
   741 | D:2      | Reached skill level 1 in Hexes
   741 | D:2      | Reached skill level 1 in Summonings
   741 | D:2      | Reached skill level 1 in Necromancy
   741 | D:2      | Reached skill level 1 in Translocations
   741 | D:2      | Reached skill level 1 in Transmutations
   741 | D:2      | Reached skill level 1 in Fire Magic
   741 | D:2      | Reached skill level 1 in Ice Magic
   741 | D:2      | Reached skill level 1 in Air Magic
   741 | D:2      | Reached skill level 1 in Earth Magic
   741 | D:2      | Reached skill level 1 in Poison Magic
   815 | D:2      | Identified the +2 helmet "Paunutas" {rC- Will++ Dex+4 SInv}
   815 | D:2      | Noticed Robin
   832 | D:2      | Killed Robin
   852 | D:2      | Reached XP level 5. HP: 15/40 MP: 5/7
  1158 | D:2      | Noticed Jessica
  1167 | D:2      | Killed Jessica
  1569 | D:3      | Identified the +5 dagger of the King {flame, Fly rC+++
                  | Str-5 Dex-4}
  2162 | D:4      | Reached XP level 6. HP: 31/47 MP: 8/8
  2242 | D:4      | Found Quem's Distillery.
  2247 | D:4      | Bought a potion of curing for 39 gold pieces
  2247 | D:4      | Bought a potion of curing for 39 gold pieces
  2247 | D:4      | Bought a potion of curing for 39 gold pieces
  2292 | D:4      | Found a sand-covered staircase.
  2314 | D:4      | Found a burning altar of Makhleb.
  2314 | D:4      | Found a shimmering blue altar of Sif Muna.
  2384 | Ossuary  | Entered an ossuary
  2396 | Ossuary  | Reached skill level 5 in Dodging
  2454 | Ossuary  | Reached XP level 7. HP: 31/52 MP: 10/10
  2576 | Ossuary  | Reached skill level 7 in Unarmed Combat
  3342 | D:5      | Entered Level 5 of the Dungeon
  3343 | D:5      | Noticed a troll
  3347 | D:5      | Slain by a troll

Illustrated notes

Levels and vault maps discovered:
D:1:      nzn_arrival_settlement, layout_rooms,
          shapermc_ecumenical_altar_starsandcircs
D:2:      layout_basic, feat_on_display, uniq_jessica, uniq_robin,
          uniq_crazy_yiuf_cottage, uniq_terence
D:3:      layout_rooms, interstate_on_off, guppyfry_early_orc_mine
D:4:      layout_cave_pods, gammafunk_temple_overflow_wave, enter_ossuary_1,
          serial_shops, kennysheep_little_box
D:5:      layout_loops_ring, amcnicky_altar_gilded

Skill      XL: |  1  2  3  4  5  6  7 |
---------------+----------------------+-----
Invocations    | 1 2 |  2.6
Short Blades   | 1 2 |  2.3
Long Blades    | 1 2 |  2.3
Axes           | 1 2 |  2.3
Maces & Flails | 1 2 |  2.3
Polearms       | 1 2 |  2.3
Staves         | 1 2 |  2.3
Ranged Weapons | 1 2 |  2.3
Throwing       | 1 2 |  2.3
Armour         | 1 2 |  2.3
Stealth        | 1 2 |  2.3
Shields        | 1 2 |  2.3
Spellcasting   | 1 2 |  2.3
Evocations     | 1 2 |  2.3
Conjurations   | 1 |  1.9
Hexes          | 1 |  1.9
Summonings     | 1 |  1.9
Necromancy     | 1 |  1.9
Translocations | 1 |  1.9
Transmutations | 1 |  1.9
Fire Magic     | 1 |  1.9
Ice Magic      | 1 |  1.9
Air Magic      | 1 |  1.9
Earth Magic    | 1 |  1.9
Poison Magic   | 1 |  1.9
Fighting       | 3 |  3.5
Dodging        | 5 |  5.2
Unarmed Combat | 7 |  7.0
Shapeshifting  | |  6.8

Action                     |  1- 3 |  4- 6 |  7- 9 || total
---------------------------+-------+-------+-------++-------
  Melee: Unarmed           |    53 |   229 |    53 ||   335
         Bite              |     7 |    26 |    12 ||    45
   Stab: Distracted        |       |     1 |       ||     1
 Armour: Scale mail        |     8 |    41 |       ||    49
         Animal skin       |     2 |       |       ||     2
         Ring mail         |       |    35 |       ||    35
         Leather armour    |       |    57 |    12 ||    69
  Dodge: Dodged            |    25 |   219 |    32 ||   276
   Form: Flux              |     1 |       |       ||     1

Table legend: (Time is in decaauts)
 A = Elapsed time spent in this place.
 B = Non-inter-level travel time spent in this place.
 C = Inter-level travel time spent in this place.
 D = Time resting spent in this place.
 E = Time spent auto-exploring this place.
 F = Levels seen in this place.
 G = Mean time per level.
                   A        B        C        D        E       F      G
               +--------+--------+--------+--------+--------+-----+--------+
         Total |   3302 |   3045 |    257 |      0 |   2323 |   6 |  550.3 |
       Dungeon |   3005 |   2748 |    257 |      0 |   2153 |   5 |  601.0 |
       Ossuary |    296 |    296 |      0 |      0 |    170 |   1 |  296.0 |
               +--------+--------+--------+--------+--------+-----+--------+

Top non-repeatable levels by time:
     D:4: 988 daAuts
     D:2: 827 daAuts
     D:3: 724 daAuts
     D:1: 460 daAuts
 Ossuary: 296 daAuts
     D:5: 4 daAuts
